Map: 16-Bit LE

Players

StudioDeath

  • Race: Terran Terran
  • Spawn Location: 1:00

DaSniper

  • Race: Terran Terran
  • League: Diamond
  • Spawn Location: 7:00

StealthBlade

  • Race: Protoss Protoss

Digitalhelix

  • Race: Protoss Protoss

VOD

Have the link to the VOD?

Description

Time

  • Played on: Aug. 10, 2018, 9:51 p.m.
  • Length: 5:55
Show
View Real Time Build Order
Export as new Build Order

StudioDeath Terran 

Build Orders:  

Get SALT Encoding   

  12  0:22  Refinery  
  12  0:46  Supply Depot  
  12  0:54  SCV  
  13  1:06  SCV  
  14  1:18  SCV  
  14  1:20  Barracks  
  15  1:31  SCV  
  16  1:36  Barracks  
  16  1:43  SCV  
  17  1:52  Supply Depot  
  17  2:18  Engineering Bay  
  17  2:23  Barracks Reactor  
  17  2:32  Barracks  
  17  2:35  Marine  
  18  2:37  Orbital Command  
  18  2:53  Marine  
  19  3:09  Bunker  
  19  3:11  Marine  
  20  3:21  SCV  
  21  3:29  Reaper  
  21  3:33  SCV  
  21  3:35  Reaper  
  22  3:45  SCV  
  21  3:57  SCV  
  21  4:01  Reaper  
  22  4:07  Reaper  
  19  4:23  Marine  
  19  4:24  Marine  
  17  4:33  Reaper  
  16  4:39  Reaper  
  16  4:41  Marine  
  16  4:42  Marine  
  15  4:59  Marine  
  12  5:00  Marine  
  12  5:05  Reaper  
  11  5:17  Marine x2  
Show
View Real Time Build Order
Export as new Build Order

DaSniper Terran 

Build Orders:  

Get SALT Encoding   

  12  0:01  Probe  
  13  0:13  Probe  
  14  0:24  Pylon  
  14  0:25  Probe  
  15  0:39  Probe  
  15  0:42  Gateway  
  15  0:46  Assimilator  
  15  0:47  Probe  
  17  0:57  Probe  
  18  1:09  Probe  
  19  1:22  Probe  
  20  1:33  Nexus  
  20  1:38  Cybernetics Core  
  20  1:41  Probe  
  21  1:50  Pylon  
  21  1:53  Probe  
  22  2:02  Assimilator  
  22  2:04  Stalker  
  22  2:05  Warp Gate, Probe  
  25  2:19  Probe  
  26  2:24  Pylon  
  26  2:31  Probe  
  26  2:35  Stalker  
  29  2:43  Probe  
  30  2:49  Robotics Facility  
  30  2:56  Probe x2  
  32  3:05  Stalker  
  32  3:10  Probe  
  32  3:11  Probe  
  36  3:22  Probe  
  36  3:23  Probe  
  38  3:29  Warp Prism  
  38  3:33  Gateway  
  38  3:34  Gateway  
  40  3:42  Probe x2  
  42  3:50  Probe x2  
  44  3:59  Probe  
  44  4:01  Probe  
  46  4:11  Probe  
  46  4:14  Assimilator  
  47  4:18  Twilight Council  
  47  4:19  Probe  
  47  4:21  Immortal  
  52  4:32  Pylon  
  52  4:33  Robotics Bay  
  52  4:35  Probe  
  52  4:37  Probe  
  54  4:40  Pylon  
  54  4:49  Assimilator  
  54  4:50  Probe  
  55  4:53  Stalker x2  
  55  4:54  Stalker  
  55  4:59  Probe  
  62  5:05  Probe  
  63  5:19  Stalker  
  63  5:20  Probe  
  66  5:25  Nexus  
  69  5:33  Pylon  
  67  5:41  Probe x2  
  69  5:49  Gateway x2  
  69  5:51  Gateway  
Show
View Real Time Build Order
Export as new Build Order

StealthBlade Protoss 

Build Orders:  

Get SALT Encoding   

Show
View Real Time Build Order
Export as new Build Order

Digitalhelix Protoss 

Build Orders:  

Get SALT Encoding   

Tags
 
Add a new tag
Caveats
  • Supply blocks, unpowered buildings, or Contaminate may cause inaccurate times.
  • Supply counts are checked every 10 seconds.